 Dungeon Sprint DCSS version 0.30-a0-920-g7493c07aab (webtiles) character file.

Game seed: 14182223001442243216

3500000 Atreus the Sabretooth (level 14, -22/66 HPs)
             Began as a Felid Transmuter on Mar 21, 2023.
             Was an Elder of Makhleb.
             Annihilated by a bag of meat
             ... wielding a +9 war axe
              (30 damage)
             ... in the Dungeon (Sprint VIII: "Arena of Blood").
             The game lasted 00:01:25 (35 turns).

Atreus the Sabretooth (Felid Transmuter)              Turns: 35, Time: 00:01:25

Health: -22/66     AC:  3    Str:  6    XL:     14   Next: 99%
Magic:  41/46      EV: 43    Int: 15    God:    Makhleb [****..]
Gold:   0          SH:  0    Dex: 21    Spells: 64/67 levels left
                                        Lives:  0   Deaths: 3

rFire   . . .      SeeInvis +      - Unarmed
rCold   + . .      Faith    .    (shield unavailable)
rNeg    . . .      Spirit   .    (body armour unavailable)
rPois   .          Reflect  .    (helmet unavailable)
rElec   .          Rampage  .    (cloak unavailable)
rCorr   .          NoTele   +    (gloves unavailable)
Will    ++...                    (boots unavailable)
Stlth   ++                       (no amulet)
HPRegen 0.31/turn                h - +27000 ring of slaying
MPRegen 0.30/turn                (no ring)

@: wereblooded, quick
A: very small, claws 1, fangs 3, see invisible, speed 1, shaggy fur 3, stealthy
paws, no weapons or thrown items, no armour, multi-lived
a: Renounce Religion, Minor Destruction, Lesser Servant of Makhleb, Major
Destruction


You were in the Dungeon.
You worshipped Makhleb.
Makhleb was greatly pleased with you.
You visited 1 branch

Inventory:

Jewellery
 h - a +27000 ring of slaying (left paw)
Scrolls
 g - a scroll of blinking
Potions
 a - a potion of lignification
 b - a potion of curing
 d - a potion of haste
 e - 2 potions of magic
 f - a potion of berserk rage


   Skills:
 + Level 10.7 Fighting
 O Level 27 Dodging
 O Level 27 Unarmed Combat
 O Level 27 Spellcasting
 O Level 27 Transmutations


You had 64 spell levels left.
You knew the following spells:

 Your Spells              Type           Power      Damage    Failure   Level
a - Beastly Appendage     Tmut           100%       N/A       0%          1
b - Wereblood             Tmut           79%        N/A       0%          2

Your spell library contained the following spells:

 Spells                   Type           Power      Damage    Failure   Level
 Spider Form              Tmut/Pois      57%        N/A       1%          3
 Ice Form                 Ice/Tmut       57%        N/A       1%          4


Dungeon Overview and Level Annotations

Branches:
Dungeon (1/1)

Altars:
Makhleb


Innate Abilities, Weirdness & Mutations

You have sharp claws.
You have razor-sharp teeth.
You have supernaturally acute eyesight. (SInv)
You cover ground quickly. (Speed+)
Your thick and shaggy fur keeps you warm. (AC +3, rC+)
Your paws help you pounce on unaware monsters.
You are incapable of wielding weapons or throwing items.
You cannot wear armour.
You gain extra lives every three experience levels.


Message History

The destroyer bites you.
The destroyer draws strength from your injuries!
You hear a shout!
You are now level 13!
You rejoin the land of the living...
Your Spellcasting skill increases to level 25!
Your Transmutations skill gained 2 levels and is now at level 26!
Welcome back to level 14!
A large bag of meat and an eight-headed meat hydra come into view.
The large bag of meat shouts in stereo!
The eight-headed meat hydra roars!
You eviscerate the large bag of meat!!!!!!!!!!!
Makhleb accepts your kill.
The large bag of meat explodes!
The fiery explosion engulfs the bag of meat!
The fiery explosion engulfs you!!
Ouch! That really hurt!
You hear a shout! x9; You hear two shouts!
You hear a shout! x9
A bag of meat comes into view. It is wielding a +9 war axe.
You hear a shout!
Your Fighting skill gained 4 levels and is now at level 10!
You have mastered Spellcasting!
You have mastered Transmutations!
You hear a shout! x7
There is a burning altar of Makhleb, spattered with blood here.
Casting: Wereblood (safe; 0% risk of failure)
Press: ? - help, Q - select action, (/) - cycle Dir - look around, f - activate Your blood is infused with primal strength.
You hear a shout! x7
The bag of meat is engulfed in blazing flames.
You hear a shout! x2
The bag of meat hits you with a +9 war axe!
* * * LOW HITPOINT WARNING * * *
You feel much better.
You hear a shout! x2
The meat berserker rages.
A destroyer comes into view. It is wielding a +9 heavy great sword.
The bag of meat hits you with a +9 war axe!!!
Ouch! That really hurt!
* * * LOW HITPOINT WARNING * * *
The bag of meat hits you with a +9 war axe!!
You die...

.... .......... ..o
..... ...... #.......#
.o#... #.......# ..
......###§§. ...###...
.........§§###........
....#.....O§o@.D.......
. .#.....V.#.oo)O#....
#........)O#_o<._# .
...#....)†V#...).#
.....#..)O.o.._..V..
.......o...Oo###......
.......o###.......###..
........).#.......# .
.........)#.......#


You could see an eight-headed meat hydra, 2 destroyers, a large bag of meat
(inner flame), 2 meat berserkers and 6 bags of meat.

Vanquished Creatures
  A vampire knight (D)
  5 ogres (D)
  A two-headed ogre (D)
  5 orcs (D)
12 creatures vanquished.

Notes
Turn   | Place    | Note
-------+----------+-------------------------------------------
     0 | D        | Atreus the Felid Transmuter began the quest for the Orb.
     0 | D        | Reached XP level 1. HP: 9/9 MP: 4/4
     2 | D        | Noticed a bag of meat
     3 | D        | Noticed a bag of meat
     4 | D        | Became a worshipper of Makhleb the Destroyer
     4 | D        | Noticed a bag of meat
     6 | D        | Noticed a meat berserker
     7 | D        | Noticed a meat berserker
     8 | D        | Killed a meat berserker
     9 | D        | Reached skill level 15 in Dodging
     9 | D        | Reached XP level 2. HP: 14/14 MP: 4/16
     9 | D        | Reached XP level 3. HP: 17/17 MP: 4/17
     9 | D        | Reached XP level 4. HP: 21/21 MP: 4/19
     9 | D        | Reached XP level 5. HP: 24/24 MP: 4/20
     9 | D        | Gained mutation: You are covered in thick fur. (AC +2)
                  | [Felid growth]
     9 | D        | Reached XP level 6. HP: 28/28 MP: 4/22
     9 | D        | Reached XP level 7. HP: 31/31 MP: 4/23
     9 | D        | Reached XP level 8. HP: 34/34 MP: 4/25
     9 | D        | Reached XP level 9. HP: 37/37 MP: 4/26
     9 | D        | Reached XP level 10. HP: 42/42 MP: 4/27
     9 | D        | Reached XP level 11. HP: 45/45 MP: 4/28
    10 | D        | Killed a bag of meat
    10 | D        | Reached * piety under Makhleb
    11 | D        | Gained mutation: Your thick and shaggy fur keeps you warm.
                  | (AC +3, rC+) [Felid growth]
    11 | D        | Reached XP level 12. HP: 48/48 MP: 4/30
    11 | D        | Killed a bag of meat
    11 | D        | Noticed a meat berserker
    11 | D        | Noticed a meat berserker
    11 | D        | Noticed a bag of meat
    11 | D        | Noticed a bag of meat
    12 | D        | Reached XP level 13. HP: 51/51 MP: 4/32
    12 | D        | Killed a meat berserker
    13 | D        | Reached skill level 27 in Unarmed Combat
    13 | D        | Reached skill level 15 in Spellcasting
    13 | D        | Reached skill level 15 in Transmutations
    13 | D        | Mangled by a meat berserker
    14 | D        | Reached XP level 12. HP: -10/48 MP: 4/32
    14 | D        | Noticed a meat berserker
    14 | D        | Noticed a bag of meat
    17 | D        | Learned a level 2 spell: Wereblood
    17 | D        | Noticed a bag of meat
    18 | D        | Killed a meat berserker
    18 | D        | Reached ** piety under Makhleb
    18 | D        | Noticed a bag of meat
    19 | D        | Reached XP level 13. HP: 52/52 MP: 31/35
    19 | D        | Noticed a bag of meat
    19 | D        | Noticed a bag of meat
    19 | D        | Noticed a meat berserker
    20 | D        | Noticed a bag of meat
    20 | D        | Noticed a bag of meat
    21 | D        | Noticed a bag of meat
    21 | D        | Noticed a bag of meat
    22 | D        | Killed a bag of meat
    23 | D        | Noticed a bag of meat
    23 | D        | Noticed a bag of meat
    23 | D        | Noticed a meat berserker
    23 | D        | Noticed a bag of meat
    23 | D        | Noticed a bag of meat
    23 | D        | Noticed a bag of meat
    23 | D        | Noticed a bag of meat
    23 | D        | Slain by a meat berserker
    23 | D        | Noticed a bag of meat
    24 | D        | Reached XP level 12. HP: -4/50 MP: 32/35
    24 | D        | Noticed a large bag of meat
    24 | D        | Noticed a bag of meat
    25 | D        | Killed a bag of meat
    25 | D        | Noticed a destroyer
    26 | D        | Reached XP level 13. HP: 54/54 MP: 35/37
    26 | D        | Noticed a bag of meat
    26 | D        | Noticed a large bag of meat
    27 | D        | Killed a meat berserker
    27 | D        | Reached *** piety under Makhleb
    27 | D        | Noticed a destroyer
    28 | D        | Reached skill level 5 in Fighting
    28 | D        | Reached XP level 14. HP: 58/58 MP: 33/40
    28 | D        | Killed a bag of meat
    29 | D        | Noticed a bag of meat
    30 | D        | Killed a destroyer
    31 | D        | Reached skill level 27 in Dodging
    31 | D        | Killed a meat berserker
    31 | D        | Reached **** piety under Makhleb
    31 | D        | Annihilated by a destroyer
    32 | D        | Reached XP level 13. HP: -91/55 MP: 34/42
    32 | D        | Reached XP level 14. HP: 60/60 MP: 42/44
    32 | D        | Noticed a large bag of meat
    32 | D        | Noticed an eight-headed meat hydra
    32 | D        | Killed a large bag of meat
    32 | D        | Noticed a bag of meat
    33 | D        | Reached skill level 10 in Fighting
    33 | D        | Reached skill level 27 in Spellcasting
    33 | D        | Reached skill level 27 in Transmutations
    35 | D        | Noticed a destroyer
    35 | D        | Annihilated by a bag of meat

Illustrated notes

Levels and vault maps discovered:
D:        meatsprint

Skill      XL: |  1  2  3  4  5  6  7  8  9 10 11 12 13 14 |
---------------+-------------------------------------------+-----
Fighting       | 3 4 5 10 | 10.7
Dodging        | 15 16 23 25 27 | 27.0
Unarmed Combat | 21 23 24 27 | 27.0
Spellcasting   | 12 13 19 25 27 | 27.0
Transmutations | 12 13 19 26 27 | 27.0

Action                     |  1- 3 |  4- 6 |  7- 9 | 10-12 | 13-15 || total
---------------------------+-------+-------+-------+-------+-------++-------
  Melee: Unarmed           |     1 |       |       |     4 |     7 ||    12
   Cast: Wereblood         |       |       |       |     1 |     2 ||     3
    Use: Potion            |       |       |       |       |     1 ||     1
  Dodge: Dodged            |       |       |       |       |     2 ||     2

Table legend: (Time is in decaauts)
 A = Elapsed time spent in this place.
 B = Non-inter-level travel time spent in this place.
 C = Inter-level travel time spent in this place.
 D = Time resting spent in this place.
 E = Time spent auto-exploring this place.
 F = Levels seen in this place.
 G = Mean time per level.
                   A        B        C        D        E       F      G
               +--------+--------+--------+--------+--------+-----+--------+
         Total |     27 |     27 |      0 |      0 |      0 |   1 |   27.0 |
       Dungeon |     27 |     27 |      0 |      0 |      0 |   1 |   27.0 |
               +--------+--------+--------+--------+--------+-----+--------+

Top non-repeatable levels by time:
       D: 27 daAuts
